 Dungeon Crawl Stone Soup version 0.26.0-16-gc1dbca0489 (webtiles) character file.

Game seed: 3247827395832560244

125 thiole the Sneak (level 5, -5/31 HPs)
             Began as an Octopode Hedge Wizard on Jan 20, 2021.
             Killed from afar by an orc wizard (7 damage)
             ... with a magic dart
             ... on level 3 of the Dungeon.
             The game lasted 00:03:40 (3600 turns).

thiole the Sneak (Octopode Hedge Wizard)            Turns: 3600, Time: 00:03:40

Health: -5/31      AC:  1    Str:  7 (9)  XL:     5   Next: 9%
Magic:  6/10       EV: 13    Int: 16 (18) God:
Gold:   121        SH:  0    Dex: 11      Spells: 5/11 levels left

rFire    . . .     SeeInvis .   a - +0 dagger
rCold    . . .     Faith    .   (no shield)
rNeg     . . .     Spirit   .   b - +0 hat
rPois    .         Reflect  .   (no amulet)
rElec    .         Harm     .   (no ring)
rCorr    .         Rampage  .   (no ring)
Will     .....                  (no ring)
Stlth    +++.......             (no ring)
HPRegen  0.10/turn              (no ring)
MPRegen  0.12/turn              (no ring)
                                (no ring)
                                (no ring)

@: very slightly contaminated, slowed, very slow
A: almost no armour, stealthy swim, amphibious, 8 rings, constrict 8, camouflage
1, gelatinous body 1
a: no special abilities


You were on level 3 of the Dungeon.
You visited 1 branch of the dungeon, and saw 3 of its levels.

You collected 121 gold pieces.

Inventory:

Hand Weapons
 a - a +0 dagger (weapon)
Missiles
 h - 36 stones
Armour
 b - a +0 hat (worn)
Jewellery
 m - an uncursed amulet of guardian spirit {unknown}
Wands
 n - a wand of disintegration (15)
Scrolls
 d - a scroll of remove curse {unknown}
 i - 3 scrolls of identify {unknown}
 l - a scroll of enchant weapon {unknown}
Potions
 c - a potion of ambrosia {unknown}
 e - a potion of invisibility
 f - a potion of berserk rage {unknown}
 g - 3 potions of degeneration
 j - a potion of magic
 k - a potion of haste {unknown}


   Skills:
 - Level 2.0 Dodging
 + Level 3.7 Stealth
 + Level 3.5 Spellcasting
 - Level 2.0 Conjurations
 - Level 2.0 Summonings
 - Level 1.0 Translocations
 * Level 1.6 Air Magic
 - Level 2.0 Poison Magic


You had 5 spell levels left.
You knew the following spells:

 Your Spells              Type           Power        Failure   Level
a - Magic Dart            Conj           36%          8%          1
b - Call Imp              Summ           9%           12%         2
c - Mephitic Cloud        Conj/Pois/Air  8%           24%         3

Your spell library contained the following spells:

 Spells                   Type           Power        Failure   Level
 Blink                    Tloc           N/A          19%         2
 Slow                     Hex            2%           26%         2
 Conjure Flame            Conj/Fire      6%           34%         3


Dungeon Overview and Level Annotations

Branches:
Dungeon (3/15)

Altars:
Dithmenos
Fedhas


Innate Abilities, Weirdness & Mutations

You cannot wear most types of armour.
You are very stealthy in the water. (Stealth+)
You are amphibious.
You can wear up to eight rings at the same time.
You can use your tentacles to constrict eight enemies at once.
Your skin changes colour to match your surroundings (Stealth+).
Your rubbery body absorbs attacks. (AC +1, EV +1)


Message History

You feel yourself slow down. The orc wizard casts a spell at you.
The magic dart hits you!
* * * LOW HITPOINT WARNING * * *
The orc wizard gestures wildly while chanting.
The orc wizard seems to speed up.
The orc wizard hits you with a +0 dagger.
* * * LOW HITPOINT WARNING * * *
You hit the orc wizard. You grab the orc wizard. You squeeze the orc wizard.
The orc wizard is heavily wounded.
You constrict the orc wizard, but do no damage.
The orc wizard hits you with a +0 dagger.
* * * LOW HITPOINT WARNING * * *
The orc wizard barely misses you.
You hit the orc wizard.
The orc wizard is severely wounded.
You constrict the orc wizard.
The orc wizard points at you and mumbles some strange words.
The magic dart hits you!
You die...

#########
#......<#
#.#####.#
###.####
######
#......#
.....#
#.#.##.#
####.# #.#.#
# #.# #@#.#
#.#
#....o.......
##.##
#.###.##.....
#...# #o# #.#
..... #...#
#.###.# #...#
#...# #......
## ##.##
#..##.# ###.#
#..##.#
##.#.#
#†)##.###


You could see an orc wizard (fast).

Vanquished Creatures
  Natasha (D:2)
  6 adders
  A worm (D:2)
  2 orcs (D:3)
  A ball python (D:1)
  A giant cockroach (D:2)
  5 goblins
  8 hobgoblins
  3 jackals (D:1)
  4 bats
  7 frilled lizards
  5 rats
44 creatures vanquished.

Notes
Turn   | Place    | Note
-------+----------+-------------------------------------------
     0 | D:1      | thiole the Octopode Hedge Wizard began the quest for the
                  | Orb.
     0 | D:1      | Reached XP level 1. HP: 11/11 MP: 4/4
   364 | D:1      | Reached XP level 2. HP: 17/17 MP: 3/6
  1226 | D:2      | Reached XP level 3. HP: 21/21 MP: 7/7
  1898 | D:2      | Learned a level 2 spell: Call Imp
  1902 | D:2      | Learned a level 3 spell: Mephitic Cloud
  2051 | D:2      | Noticed Natasha
  2060 | D:2      | Killed Natasha
  2061 | D:2      | Reached skill level 1 in Poison Magic
  2061 | D:2      | Reached XP level 4. HP: 13/27 MP: 5/9
  2265 | D:2      | Reached skill level 1 in Air Magic
  2701 | D:2      | Found a shadowy altar of Dithmenos.
  3268 | D:3      | Found a blossoming altar of Fedhas.
  3279 | D:3      | Reached XP level 5. HP: 31/31 MP: 5/10
  3600 | D:3      | Killed from afar by an orc wizard

Illustrated notes

Levels and vault maps discovered:
D:1:      tarquinn_simple_flora_water_e, layout_loops_ring
D:2:      lemuel_upstairs_altar, layout_loops_corners, marbit_many_paths,
          uniq_natasha
D:3:      layout_loops_corners, lemuel_crystal_altar,
          nicolae_overflow_hidden_temple

Skill      XL: |  1  2  3  4  5 |
---------------+----------------+-----
Stealth        | 3 |  3.7
Conjurations   | 2 |  2.0
Summonings     | 2 |  2.0
Poison Magic   | 1 2 |  2.0
Air Magic      | 1 |  1.6
Dodging        | |  2.0
Spellcasting   | |  3.5
Translocations | |  1.0

Action                   |  1- 3 |  4- 6 || total
-------------------------+-------+-------++-------
Melee: Dagger            |    55 |    32 ||    87
       Tentacles         |     8 |     2 ||    10
       Constrict         |    13 |     6 ||    19
 Cast: Magic Dart        |    59 |    33 ||    92
  Use: Potion            |       |     4 ||     4
 Stab: Sleeping          |     1 |       ||     1
Armor: Skin              |     7 |     1 ||     8
Dodge: Dodged            |    34 |    25 ||    59
